 Dungeon Crawl Stone Soup version 0.30-a0-948-g4fa250aae5 (webtiles) character file.

Game seed: 669911624822506606

9 DeathPants the Sneak (level 2, -1/15 (16) HPs)
             Began as a Vine Stalker Delver on Mar 26, 2023.
             Slain by Duvessa
             ... wielding a +3 short sword of draining
              (7 damage)
             ... on level 5 of the Dungeon.
             The game lasted 00:01:40 (283 turns).

DeathPants the Sneak (Vine Stalker Delver)           Turns: 283, Time: 00:01:40

HP:   -1/15 (16)    AC:  3    Str: 14    XL:     2   Next: 12%
MP:   0/3           EV: 12    Int: 10    God:
Gold: 6             SH:  0    Dex: 15    Spells: 1/1 levels left

rFire   . . .      SeeInvis .    a - +0 short sword
rCold   . . .      Faith    .    (no shield)
rNeg    . . .      Spirit   +    b - +0 leather armour
rPois   .          Reflect  .    (no helmet)
rElec   .          Rampage  .    (no cloak)
rCorr   .                        (no gloves)
Will    .....                    (no boots)
Stlth   +++                      (no amulet)
HPRegen 0.22/turn                (no ring)
MPRegen 0.08/turn                (no ring)

@: drained
A: fangs 2, magic shield, antimagic bite, no potion heal 2
a: no special abilities


You were on level 5 of the Dungeon.
You visited 1 branch of the dungeon, and saw 4 of its levels.

You collected 6 gold pieces.

Inventory:

Hand Weapons
 a - a +0 short sword (weapon)
Armour
 b - a +0 leather armour (worn)
Wands
 g - a wand of digging (3)
Scrolls
 c - a scroll of fog
 d - a scroll of magic mapping


   Skills:
 + Level 2.8 Fighting
 + Level 2.0 Short Blades
 + Level 1.8 Dodging
 + Level 6.1 Stealth


You had one spell level left.
You didn't know any spells.
Your spell library was empty.

Dungeon Overview and Level Annotations

Branches:
Dungeon (7/15)
 Temple: D:4-7

Altars:

Annotations:
D:4 Ijyb, Robin
D:5 Duvessa


Innate Abilities, Weirdness & Mutations

You have extremely sharp teeth.
When hurt, damage is shared between your health and your magic reserves.
Your bite disrupts and absorbs the magic of your enemies.
Potions cannot restore your health.


Message History

Found an escape hatch in the floor.
There is a stone staircase leading down here.
You climb downwards.
You hear the roar of battle.
There is an entrance to a bailey on this level.
Hurry and find it before the portal closes forever!
Found a stone staircase leading up and a stone staircase leading down.
There is a stone staircase leading up here.
You start resting.
Your extra speed is starting to run out.
You start resting.
You feel yourself slow down.
You start resting.
HP restored.
You start waiting.
You hear the faint creaking of a very distant portcullis.
Found a short sword.
There is a stone staircase leading up here.
You climb upwards.
Found 5 stones and a leather armour.
There is a stone staircase leading down here.
A phantom and a sky beast come into view.
A howler monkey comes into view.
You open the door.
There is an open door here.
Found an escape hatch in the ceiling.
There is an escape hatch in the ceiling here.
A bullfrog comes into view.
There is an escape hatch in the ceiling here.
A mysterious force pulls you upwards. The hatch slams shut behind you.
Level annotation: Duvessa
Okay, then.
You aren't carrying any potions.
Duvessa attacks as you move away!
Duvessa hits you with a +3 short sword of draining!
Ouch! That really hurt!
You feel drained.
There is a stone staircase leading down here.
You hit Duvessa but do no damage. Duvessa barely misses you.
Duvessa hits you with a +3 short sword of draining!
You die...

#..............
#.####.###.##.# #.#
#.# .#.####.###.#
#### .l.......##.##
....
...........#.##..##
.#..###...###.....#
#. #..#>#.##.#.# #
#...@e## # ##.####
.... ###.# #.. ##


You could see Duvessa.

Vanquished Creatures
  An adder (D:6)
1 creature vanquished.

Notes
Turn   | Place    | Note
-------+----------+-------------------------------------------
     0 | D:5      | DeathPants the Vine Stalker Delver began the quest for the
                  | Orb.
     0 | D:5      | Reached XP level 1. HP: 11/11 MP: 2/2
     3 | D:6      | Noticed a kobold brigand
    14 | D:4      | Noticed Ijyb
    14 | D:4      | Noticed Robin
    28 | D:5      | Noticed Duvessa
    41 | D:5      | Noticed an ogre
    47 | D:5      | Noticed an iguana
    80 | D:6      | Noticed an orc priest
    85 | D:6      | Noticed a jelly
    86 | D:6      | Noticed an orc priest
    95 | D:6      | Reached XP level 2. HP: 4/16 MP: 1/3
   107 | D:6      | Noticed an ogre
   124 | D:6      | Noticed a black bear
   190 | D:6      | Noticed a phantom
   190 | D:6      | Noticed a sky beast
   197 | D:6      | Noticed a howler monkey
   254 | D:6      | Noticed a bullfrog
   283 | D:5      | Slain by Duvessa

Illustrated notes

Levels and vault maps discovered:
D:4:      layout_basic, uniq_ijyb, uniq_robin
D:5:      layout_loops_ring, kennysheep_pointless_box, uniq_duvessa
D:6:      layout_basic, uniq_edmund
D:7:      layout_rooms, lemuel_zombie_altar_kikubaaqudgha, old_standard_altar,
          temple_statues, ebering_ghost_xom, enter_bailey_3, grunt_potential

Skill      XL: |  1 |
---------------+----+-----
Short Blades   | 2 |  2.0
Fighting       | |  2.8
Dodging        | |  1.8
Stealth        | |  6.1

Action                     || total
---------------------------++-------
  Melee: Short sword       ||    14
         Bite              ||     1
    Use: Scroll            ||     1
         Potion            ||     1
 Armour: Leather armour    ||     3
  Dodge: Dodged            ||     8

Table legend: (Time is in decaauts)
 A = Elapsed time spent in this place.
 B = Non-inter-level travel time spent in this place.
 C = Inter-level travel time spent in this place.
 D = Time resting spent in this place.
 E = Time spent auto-exploring this place.
 F = Levels seen in this place.
 G = Mean time per level.
                   A        B        C        D        E       F      G
               +--------+--------+--------+--------+--------+-----+--------+
         Total |    262 |    262 |      0 |     49 |     35 |   4 |   65.5 |
       Dungeon |    262 |    262 |      0 |     49 |     35 |   4 |   65.5 |
               +--------+--------+--------+--------+--------+-----+--------+

Top non-repeatable levels by time:
     D:6: 148 daAuts
     D:5: 56 daAuts
     D:7: 55 daAuts
     D:4: 1 daAuts
